Map: Prion Terraces

Players

xKawaiian

  • Race: Terran Terran
  • League: Master

DarKicE - Winner!

  • Race: Terran Terran
  • League: Grandmaster

VOD

Have the link to the VOD?

Description

Time

  • Played on: Jan. 11, 2016, 12:49 a.m.
  • Length: 7:16
Show
View Real Time Build Order
Export as new Build Order

xKawaiian Terran 

Build Orders: 1/1/1, Cyclone Opening 

Get SALT Encoding   

  12  0:00  SCV  
  13  0:13  SCV  
  14  0:17  Supply Depot  
  14  0:25  SCV  
  15  0:39  SCV  
  15  0:40  Barracks  
  16  0:46  Refinery  
  16  0:51  SCV  
  16  0:53  Refinery  
  17  1:03  SCV  
  18  1:15  SCV  
  19  1:28  Orbital Command, Marine  
  20  1:34  Factory  
  20  1:46  Marine  
  21  1:55  SCV  
  21  1:57  Supply Depot  
  22  2:04  Marine  
  23  2:17  Factory Tech Lab, Starport  
  23  2:19  SCV  
  23  2:22  Marine  
  25  2:26  Supply Depot  
  25  2:31  SCV  
  26  2:39  Cyclone  
  26  2:43  SCV, Marine  
  31  2:54  Medivac  
  31  2:57  SCV, Supply Depot  
  34  3:05  Marine  
  35  3:09  SCV  
  35  3:11  Siege Tank  
  39  3:18  Liberator  
  39  3:21  SCV  
  39  3:23  Marine  
  41  3:32  Supply Depot  
  44  3:44  Marine  
  45  4:02  Marine  
  46  4:04  SCV  
  46  4:06  Command Center, Siege Tank  
  48  4:19  SCV, Marine  
  50  4:29  Supply Depot  
  50  4:31  SCV  
  51  4:37  Marine  
  52  4:39  Siege Tank  
  55  4:50  SCV  
  56  4:55  Barracks, Marine  
  56  4:57  Barracks  
  57  5:03  SCV  
  40  5:34  Marine  
  24  5:51  Viking  
  24  5:52  Marine  
  27  6:10  Marine  
  27  6:15  SCV  
  28  6:27  Marine  
  26  6:45  SCV, Marine  
  27  6:58  SCV  
Show
View Real Time Build Order
Export as new Build Order

DarKicE Terran - Winner!

Build Orders: Reaper Expand 

Get SALT Encoding   

  12  0:00  SCV  
  13  0:13  SCV  
  14  0:17  Supply Depot  
  14  0:25  SCV  
  15  0:39  SCV  
  15  0:40  Barracks  
  16  0:46  Refinery  
  16  0:51  SCV  
  18  1:04  SCV  
  18  1:16  SCV  
  19  1:28  Orbital Command  
  19  1:32  Reaper  
  20  1:44  Command Center  
  21  1:54  SCV  
  21  1:59  Supply Depot  
  21  2:03  Marine  
  22  2:09  Factory  
  22  2:10  SCV  
  23  2:17  Refinery  
  23  2:22  SCV  
  24  2:26  Barracks Reactor  
  24  2:34  SCV  
  25  2:46  SCV  
  26  2:53  Factory Tech Lab  
  26  2:57  Orbital Command  
  26  2:59  SCV, Starport  
  26  3:02  Marine  
  26  3:03  Marine  
  29  3:11  SCV  
  29  3:20  Marine x2  
  29  3:25  Cyclone  
  29  3:26  SCV  
  35  3:32  SCV  
  35  3:34  Supply Depot  
  36  3:38  SCV, Marine x2  
  39  3:44  SCV, Medivac  
  42  3:49  Refinery  
  42  3:50  SCV  
  43  3:56  SCV, Marine x2  
  43  3:59  Supply Depot  
  46  4:05  SCV  
  45  4:12  SCV  
  46  4:20  SCV, Siege Tank, Marine x2  
  52  4:27  Liberator  
  52  4:29  SCV  
  52  4:30  Supply Depot  
  53  4:33  SCV  
  53  4:42  Marine x2  
  52  4:48  Supply Depot  
  52  4:51  Supply Depot  
  48  5:09  Marine x2  
  48  5:10  Supply Depot  
  50  5:15  SCV, Siege Tank  
  53  5:27  Marine  
  53  5:28  Marine  
  48  5:45  Marine  
  50  5:51  Marine  
  50  6:09  Marine  
  51  6:11  Medivac  
  51  6:12  Siege Tank  
  56  6:23  Command Center  
  56  6:27  Marine  
  53  6:45  Marine  
Tags
 
Add a new tag
Caveats
  • Supply blocks, unpowered buildings, or Contaminate may cause inaccurate times.
  • Supply counts are checked every 10 seconds.